 Dungeon Crawl Stone Soup version 0.28.0-49-g6dfe1f597d (webtiles) character file.

Game seed: 8019947781767853280

235 bnorton916 the Protected (level 6, -4/47 HPs)
             Began as a Gnoll Wanderer on May 12, 2022.
             Slain by a scorpion (6 damage)
             ... on level 4 of the Dungeon.
             The game lasted 00:07:15 (2787 turns).

bnorton916 the Protected (Gnoll Wanderer)           Turns: 2787, Time: 00:07:16

Health: -4/47      AC:  6    Str: 18 (20) XL:     6   Next: 5%
Magic:  10/10      EV: 11    Int: 10 (12) God:
Gold:   71         SH:  0    Dex:  8 (10) Spells: 11/11 levels left

rFire   . . .      SeeInvis .   a - +0 shortbow
rCold   . . .      Faith    .   (shield currently unavailable)
rNeg    . . .      Spirit   .   g - +1 leather armour {Will+}
rPois   .          Reflect  .   (no helmet)
rElec   .          Harm     .   (no cloak)
rCorr   .          Rampage  .   k - +0 pair of gloves
Will    +....                   (no boots)
Stlth   ++........              (no amulet)
HPRegen 0.15/turn               h - +6 ring of strength
MPRegen 0.12/turn               (no ring)

@: about to teleport, flying, invisible
A: fangs 1, strong nose, distributed training
a: no special abilities


You were on level 4 of the Dungeon.
You visited 1 branch of the dungeon, and saw 4 of its levels.

You collected 91 gold pieces.
You spent 20 gold pieces at shops.

Inventory:

Hand Weapons
 a - a +0 shortbow (weapon)
 i - a +0 vampiric dagger
 l - a +1 dagger of freezing
 t - a +8 spectral club
 u - a +0 vorpal mace
Missiles
 c - 67 arrows (quivered ammo)
 f - 62 bolts
Armour
 b - a +0 chain mail
 g - a +1 leather armour of willpower (worn)
 k - a +0 pair of gloves (worn)
Jewellery
 h - a +6 ring of strength (left hand)
Scrolls
 e - a scroll of enchant armour
 n - a scroll of noise {unknown}
 q - a scroll of summoning {unknown}
 v - a scroll of magic mapping {unknown}
 w - a scroll of acquirement {unknown}
Potions
 d - a potion of mutation
 j - a potion of invisibility
 m - 2 potions of attraction
 o - a potion of magic


   Skills:
 + Level 3.1 Fighting
 + Level 1.7 Short Blades
 + Level 1.7 Long Blades
 + Level 1.7 Axes
 + Level 1.7 Maces & Flails
 + Level 1.7 Polearms
 + Level 1.7 Staves
 + Level 1.7 Slings
 + Level 3.1 Bows
 + Level 1.7 Crossbows
 + Level 1.7 Throwing
 + Level 10.5 Armour
 + Level 1.7 Dodging
 + Level 2.9 Stealth
 + Level 1.7 Shields
 + Level 1.7 Unarmed Combat
 + Level 3.3 Spellcasting
 + Level 1.3 Conjurations
 + Level 1.3 Hexes
 + Level 1.3 Summonings
 + Level 1.3 Necromancy
 + Level 1.3 Translocations
 + Level 1.3 Transmutations
 + Level 1.3 Fire Magic
 + Level 1.3 Ice Magic
 + Level 1.3 Air Magic
 + Level 1.3 Earth Magic
 + Level 1.3 Poison Magic
 + Level 2.0 Invocations
 + Level 3.1 Evocations


You had 11 spell levels left.
You didn't know any spells.
Your spell library was empty.

Dungeon Overview and Level Annotations

Branches:
Dungeon (4/15)
 Temple: D:4-7

Altars:
Okawaru

Shops:
D:3 ?

Annotations:
D:2 1 runed translucent door, Crazy Yiuf


Innate Abilities, Weirdness & Mutations

You have very sharp teeth.
Your uncanny sense of smell can sniff out nearby items.
Your experience applies equally to all skills.


Message History

You are poisoned.
The scorpion poisons you!
You shoot an arrow. The arrow closely misses the scorpion.
You feel very sick. The scorpion stings you.
You shoot an arrow.
The arrow completely misses the scorpion.
You feel sick. The scorpion stings you.
Unknown command.
You feel sick.
You feel sick. The scorpion misses you.
You feel sick.
You feel sick.
You are too injured to fight recklessly!
You are too injured to fight recklessly!
Unknown command.
You are too injured to fight recklessly!
It was a potion of degeneration.
There was something very wrong with that liquid.
You feel weakened.
You feel dopey.
You feel clumsy.
You feel sick. The scorpion barely misses you.
It was a potion of flight.
You feel very buoyant.
You fly up into the air.
You feel sick. The scorpion stings you.
* * * LOW HITPOINT WARNING * * *
The scorpion stings you.
* * * LOW HITPOINT WARNING * * *
You fade into invisibility!
You feel sick.
You are no longer poisoned.
The scorpion closely misses you. The scorpion closely misses you.
The scorpion stings you.
* * * LOW HITPOINT WARNING * * *
Okay, then.
As you read the scroll labelled ENALEF MESIRRA, it crumbles to dust.
You feel strangely unstable.
It was a scroll of teleportation.
The scorpion misses you. The scorpion stings you.
You die...

#...##........... ###
#...##....##### ..
#...###.#.....# #.#
#...# #.#.###.# ..
#...###.#.#<#.## #.##
####....#.#....# #..#
#.####.######
#.##########.## #..
#.......)..#@.# ###
#..#.#...#.##s#
#.##.##.....#.########
#..###..#.#...........
#.. #..##.##..#.######
#..###..###...#.#
#.##.##..##...#.#
#..#.#..###...#.#
#...(.##.##..#.#


You could see a scorpion.

Vanquished Creatures
  An ogre (D:3)
  Jessica (D:2)
  8 adders
  A dart slug (D:2)
  An orc (D:4)
  5 bats
  4 endoplasms
  2 giant cockroaches
  12 goblins
  4 hobgoblins
  2 jackals (D:2)
  7 quokkas
  3 ball pythons
  2 rats
53 creatures vanquished.

Notes
Turn   | Place    | Note
-------+----------+-------------------------------------------
     0 | D:1      | Reached skill level 10 in Armour
     0 | D:1      | bnorton916 the Gnoll Wanderer began the quest for the Orb.
     0 | D:1      | bnorton916 set off with the following items: a +0 shortbow,
                  | a +0 chain mail, 31 arrows, a potion of mutation
     0 | D:1      | Reached XP level 1. HP: 17/17 MP: 4/4
   306 | D:1      | Reached XP level 2. HP: 23/23 MP: 5/5
   902 | D:2      | Reached XP level 3. HP: 28/28 MP: 7/7
   948 | D:2      | Noticed Jessica
   950 | D:2      | Killed Jessica
   951 | D:2      | Reached skill level 1 in Short Blades
   951 | D:2      | Reached skill level 1 in Long Blades
   951 | D:2      | Reached skill level 1 in Axes
   951 | D:2      | Reached skill level 1 in Maces & Flails
   951 | D:2      | Reached skill level 1 in Polearms
   951 | D:2      | Reached skill level 1 in Staves
   951 | D:2      | Reached skill level 1 in Slings
   951 | D:2      | Reached skill level 1 in Crossbows
   951 | D:2      | Reached skill level 1 in Throwing
   951 | D:2      | Reached skill level 1 in Dodging
   951 | D:2      | Reached skill level 1 in Shields
   951 | D:2      | Reached skill level 1 in Unarmed Combat
   951 | D:2      | Reached skill level 1 in Invocations
   952 | D:2      | Reached XP level 4. HP: 29/34 MP: 8/8
  1496 | D:2      | Found a faded altar of an unknown god.
  1669 | D:2      | Reached skill level 1 in Conjurations
  1669 | D:2      | Reached skill level 1 in Hexes
  1669 | D:2      | Reached skill level 1 in Summonings
  1669 | D:2      | Reached skill level 1 in Necromancy
  1669 | D:2      | Reached skill level 1 in Translocations
  1669 | D:2      | Reached skill level 1 in Transmutations
  1669 | D:2      | Reached skill level 1 in Fire Magic
  1669 | D:2      | Reached skill level 1 in Ice Magic
  1669 | D:2      | Reached skill level 1 in Air Magic
  1669 | D:2      | Reached skill level 1 in Earth Magic
  1669 | D:2      | Reached skill level 1 in Poison Magic
  1803 | D:2      | Found a runed translucent door.
  1804 | D:2      | Noticed Crazy Yiuf
  1839 | D:3      | Reached XP level 5. HP: 40/40 MP: 9/9
  1875 | D:3      | Found Taufe's Magic Scroll Boutique.
  1879 | D:3      | Bought a scroll of identify for 20 gold pieces
  1932 | D:3      | Found an iron altar of Okawaru.
  1988 | D:3      | Noticed an ogre
  2377 | D:3      | Killed an ogre
  2378 | D:3      | Reached XP level 6. HP: 47/47 MP: 10/10
  2783 | D:4      | HP: 1/47 [scorpion (5)]
  2787 | D:4      | Slain by a scorpion

Illustrated notes

Levels and vault maps discovered:
D:1:      dpeg_arrival_signposts, layout_basic, bh_walls_and_bars
D:2:      layout_basic, dreamdust_ecumenical_altar_statues,
          minmay_tree_intersection, uniq_jessica, uniq_crazy_yiuf_cottage
D:3:      layout_rooms, kennysheep_okawaru_gauntlet, serial_curves,
          eino_curves_04, eino_curves_03, serial_shops,
          nicolae_shop_behind_doors
D:4:      layout_basic, minmay_between

Skill      XL: |  1  2  3  4  5 |
---------------+----------------+-----
Armour         | | 10.5
Short Blades   | 1 |  1.7
Long Blades    | 1 |  1.7
Axes           | 1 |  1.7
Maces & Flails | 1 |  1.7
Polearms       | 1 |  1.7
Staves         | 1 |  1.7
Slings         | 1 |  1.7
Crossbows      | 1 |  1.7
Throwing       | 1 |  1.7
Dodging        | 1 |  1.7
Shields        | 1 |  1.7
Unarmed Combat | 1 |  1.7
Invocations    | 1 2 |  2.0
Spellcasting   | 3 |  3.3
Conjurations   | 1 |  1.3
Hexes          | 1 |  1.3
Summonings     | 1 |  1.3
Necromancy     | 1 |  1.3
Translocations | 1 |  1.3
Transmutations | 1 |  1.3
Fire Magic     | 1 |  1.3
Ice Magic      | 1 |  1.3
Air Magic      | 1 |  1.3
Earth Magic    | 1 |  1.3
Poison Magic   | 1 |  1.3
Fighting       | 3 |  3.1
Bows           | 3 |  3.1
Evocations     | 3 |  3.1
Stealth        | |  2.9

Action                   |  1- 3 |  4- 6 || total
-------------------------+-------+-------++-------
 Fire: Shortbow          |    51 |   132 ||   183
  Use: Scroll            |       |     5 ||     5
       Potion            |       |     3 ||     3
Armor: Chain mail        |     2 |       ||     2
       Leather armour    |     6 |    28 ||    34
Dodge: Dodged            |     9 |    46 ||    55
